 Dungeon Crawl Stone Soup version 0.20.0-15-g7f486f2 (webtiles) character file.

86 ANON1729 the Conjurer (level 4, 0/24 HPs)
             Began as a Tengu Conjurer on June 22, 2017.
             Killed by divine providence
             ... invoked by an orc priest
              (11 damage)
             ... on level 3 of the Dungeon.
             The game lasted 00:10:50 (2868 turns).

ANON1729 the Conjurer (Tengu Conjurer)              Turns: 2868, Time: 00:10:50

Health: 0/24       AC:  2    Str:  8    XL:     4   Next: 49%
Magic:  0/8        EV: 13    Int: 16    God:
Gold:   105        SH:  0    Dex: 15    Spells: 4/7 levels left

rFire    . . .     SeeInvis .   q - +2 falchion (flame)
rCold    . . .     Gourm    .   (no shield)
rNeg     . . .     Faith    .   a - +0 robe
rPois    .         Spirit   .   (helmet restricted)
rElec    .         Reflect  .   (no cloak)
rCorr    .         Harm     .   (no gloves)
MR       .....                  (boots unavailable)
Stlth    ++........             (no amulet)
Regen    0.1/turn               (no ring)
MPRegen  0.2/turn               (no ring)

@: no status effects
A: beak, talons 3
a: no special abilities


You were on level 3 of the Dungeon.
You were not hungry.

You visited 1 branch of the dungeon, and saw 3 of its levels.

You collected 105 gold pieces.

Inventory:

Hand Weapons
 q - a +2 falchion of flaming (weapon)
Armour
 a - a +0 robe (worn)
Scrolls
 e - 4 scrolls of remove curse {unknown}
 g - a scroll of enchant armour {unknown}
 h - 2 scrolls of teleportation {unknown}
 i - 8 scrolls of identify {unknown}
 o - a scroll of magic mapping {unknown}
 p - a scroll of enchant weapon {unknown}
Potions
 d - 2 potions of haste {unknown}
 f - a potion of lignification {unknown}
 j - a potion of brilliance {unknown}
 l - a potion of ambrosia {unknown}
 n - 2 potions of flight {unknown}
Books
 b - a book of Conjurations

   Spells                             Type                      Level
   a - Magic Dart                     Conjuration                  1
   b - Searing Ray                    Conjuration                  2
   c - Dazzling Spray                 Conjuration/Hexes            3
   d - Fulminant Prism                Conjuration/Hexes            4
   e - Force Lance                    Conjuration/Translocation    4
   f - Iskenderun's Mystic Blast      Conjuration                  4
Comestibles
 c - 3 bread rations
 k - 2 royal jellies
 m - a meat ration


   Skills:
 - Level 2.3 Dodging
 - Level 2.1 Stealth
 - Level 0.2 Unarmed Combat
 + Level 2.4 Spellcasting
 + Level 7.1 Conjurations


You had 4 spell levels left.
You knew the following spells:

 Your Spells              Type           Power        Failure   Level  Hunger
a - Magic Dart            Conj           ###.         1%          1    #......
b - Searing Ray           Conj           ###...       1%          2    ###....


Dungeon Overview and Level Annotations

Branches:
Dungeon (3/15)

Altars:


Innate Abilities, Weirdness & Mutations

You have a beak for a mouth.
You have claws for feet.


Message History

A kobold comes into view.
Items here: ( ) [ †† a falchion of flaming; a ring mail; a tomahawk; an orc corpse x2
Unknown command.
q - a falchion of flaming The orc closely misses you.
Wield which item (- for none, * to show all)? (? for menu, Esc to quit)
Your +2 falchion of flaming bursts into flame!
q - a +2 falchion of flaming (weapon)
Casting: Magic Dart
Confirm with . or Enter, or press ? or * to list all spells.
Aiming: Magic Dart
Press: ? - help, Shift-Dir - straight line, f/p - orc
Aim: an orc, wielding a dagger (severely wounded)
The magic dart hits the orc.
You kill the orc!
The kobold shouts!
You hear a shout!
You hear an angry hiss.
The orc priest mumbles some strange prayers to Beogh against you.
Beogh smites you!
You die...

## .#
#
.###.#
..K..
o..
##)#
#@.#
#(##
#.#
#.#
#.#
#.#
#.#
#<#
###


You could see an orc priest and a kobold.

Vanquished Creatures
  2 adders (D:2)
  4 worms (D:2)
  A dart slug (D:2)
  A leopard gecko (D:2)
  3 orcs (D:3)
  5 bats
  5 hobgoblins (D:1)
  8 jackals
  3 kobolds
  A quokka (D:2)
  3 ball pythons
  6 goblins
  6 rats
48 creatures vanquished.

Notes
Turn   | Place    | Note
-------+----------+-------------------------------------------
     0 | D:1      | ANON1729 the Tengu Conjurer began the quest for the Orb.
     0 | D:1      | Reached XP level 1. HP: 10/10 MP: 4/4
   343 | D:1      | Reached XP level 2. HP: 15/15 MP: 0/6
   347 | D:1      | Learned a level 2 spell: Searing Ray
   983 | D:1      | Reached skill level 6 in Conjurations
  1468 | D:2      | Reached XP level 3. HP: 19/19 MP: 3/7
  2052 | D:2      | Reached XP level 4. HP: 20/24 MP: 2/8
  2428 | D:2      | Reached skill level 7 in Conjurations
  2868 | D:3      | Killed from afar by an orc priest

Skill      XL: |  1  2  3  4 |
---------------+-------------+-----
Conjurations   | 6 7 |  7.1
Dodging        | |  2.3
Stealth        | |  2.1
Unarmed Combat | |  0.2
Spellcasting   | |  2.4

Action                   |  1- 3 |  4- 6 || total
-------------------------+-------+-------++-------
Melee: Unarmed           |    43 |     6 ||    49
       Kick              |    10 |     4 ||    14
       Peck              |     6 |       ||     6
 Cast: Magic Dart        |    71 |    24 ||    95
       Searing Ray       |     2 |     4 ||     6
  Eat: Chunk             |     4 |       ||     4
       Bread ration      |       |     1 ||     1
Armor: Robe              |    22 |     1 ||    23
Dodge: Dodged            |    77 |     8 ||    85
